 Dungeon Crawl Stone Soup version 0.29-a0-451-gfbfa42419e (webtiles) character file.

Game seed: 7628745500029170668

43 dabmancer the Magician (level 3, -3/21 HPs)
             Began as an Octopode Hedge Wizard on May 20, 2022.
             Slain by an adder (4 damage)
             ... on level 2 of the Dungeon.
             The game lasted 00:10:46 (2205 turns).

dabmancer the Magician (Octopode Hedge Wizard)      Turns: 2205, Time: 00:10:47

Health: -3/21      AC:  1    Str:  9    XL:     3   Next: 58%
Magic:  0/8        EV: 13    Int: 18    God:
Gold:   65         SH:  0    Dex: 11    Spells: 6/9 levels left

rFire   . . .      SeeInvis .   f - +0 falchion
rCold   . . .      Faith    .   (no shield)
rNeg    . . .      Spirit   .   b - +0 hat
rPois   .          Reflect  .   (no amulet)
rElec   .          Harm     .   (no ring)
rCorr   .          Rampage  .   (no ring)
Will    .....                   (no ring)
Stlth   +++.......              (no ring)
HPRegen 0.07/turn               (no ring)
MPRegen 0.11/turn               (no ring)
                                (no ring)
                                (no ring)

@: lethally poisoned (-3 -> -4), weak-willed, on blink cooldown
A: almost no armour, amphibious, 8 rings, camouflage 1, gelatinous body 1,
(nimble swimmer 1), tentacles
a: no special abilities


You were on level 2 of the Dungeon.
You visited 1 branch of the dungeon, and saw 2 of its levels.

You collected 65 gold pieces.

Inventory:

Hand Weapons
 a - a +0 dagger
 f - a +0 falchion (weapon)
Missiles
 g - 95 stones
Armour
 b - a +0 hat (worn)
 i - a +0 buckler
Scrolls
 e - 3 scrolls of identify
Potions
 c - 2 potions of magic
 d - a potion of attraction {unknown}
 h - a potion of brilliance {unknown}
 j - a potion of might {unknown}
 k - a potion of cancellation {unknown}
 m - 2 potions of mutation
 o - 2 potions of flight {unknown}


   Skills:
 + Level 0.1 Long Blades
 + Level 2.1 Dodging
 + Level 3.1 Stealth
 + Level 3.9 Spellcasting
 + Level 1.4 Conjurations
 + Level 1.0 Summonings
 + Level 1.0 Translocations


You had 6 spell levels left.
You knew the following spells:

 Your Spells              Type           Power      Damage    Failure   Level
a - Magic Dart            Conj           32%        1d4       9%          1
b - Blink                 Tloc           14%        N/A       16%         2

Your spell library contained the following spells:

 Spells                   Type           Power      Damage    Failure   Level
 Slow                     Hex            12%        N/A       16%         1
 Call Imp                 Summ           7%         N/A       16%         2
 Conjure Flame            Conj/Fire      6%         6-21      32%         3
 Mephitic Cloud           Conj/Pois/Air  5%         N/A       36%         3
 Frozen Ramparts          Ice            6%         1d2       41%         3
 Summon Ice Beast         Ice/Summ       5%         N/A       77%         4
 Ice Form                 Ice/Tmut       3%         N/A       83%         4


Dungeon Overview and Level Annotations

Branches:
Dungeon (2/15)

Altars:


Innate Abilities, Weirdness & Mutations

You cannot wear most types of armour.
You are amphibious.
You can wear up to eight rings at the same time.
Your skin changes colour to match your surroundings (Stealth+).
Your rubbery body absorbs attacks. (AC +1, EV +1)
((You are camouflaged when in or above water. (Stealth+)))
You have tentacles for arms and can constrict up to eight enemies at once.


Message History

You are poisoned.
The adder poisons you!
You miss the adder. Your grab misses the adder.
The adder is severely wounded.
You feel sick. The adder barely misses you.
You closely miss the adder. Your grab misses the adder.
The adder is severely wounded.
You feel sick. The adder bites you. The adder closely misses you.
You closely miss the adder. Your grab misses the adder.
The adder is severely wounded.
You feel stable enough to blink again.
You feel sick.
You are no longer poisoned.
The adder bites you but does no damage. The adder closely misses you.
You barely miss the adder. Your grab misses the adder.
The adder is severely wounded.
The adder bites you.
* * * LOW HITPOINT WARNING * * *
You are lethally poisoned!
The adder poisons you!
Casting: Blink (safe; 16% risk of failure)
Confirm with . or Enter, or press ? or * to list all spells.
You blink.
* * * LOW HITPOINT WARNING * * *
You feel sick. The adder closely misses you.
As you read the scroll labelled PAMENE JUFUY, it crumbles to dust.
Magic quickly surges around you.
It was a scroll of vulnerability.
* * * LOW HITPOINT WARNING * * *
You feel sick. The adder closely misses you.
As you read the scroll labelled QIHEAR HAEX, it crumbles to dust.
It is a scroll of amnesia.
Okay, then.
* * * LOW HITPOINT WARNING * * *
You feel sick. The adder barely misses you.
You closely miss the adder. Your grab misses the adder.
Your squeeze misses the adder.
The adder is severely wounded.
* * * LOW HITPOINT WARNING * * *
You feel sick. The adder closely misses you. The adder bites you.
You die...

#.................##
#...
#########.......#.#
####
######.........#
#)...........## #
#.............# #
........##.##.# #
............# # #
.....#.##.#.#
########
.)...#.@S...#
#......#
.....####...#
#...†..# .... .....#
#....... ... ####..#
#......# #..#
###.......
#..#.........).
#...####.....÷.
##..#...###<...
....#...# #####


You could see an adder (weak-willed).

Vanquished Creatures
  A worm (D:2)
  A dart slug (D:1)
  6 endoplasms
  2 giant cockroaches
  4 goblins
  2 jackals (D:2)
  2 quokkas (D:2)
  6 ball pythons (D:1)
  A bat (D:1)
  A frilled lizard (D:1)
  6 kobolds
  5 rats (D:1)
37 creatures vanquished.

Vanquished Creatures (others)
  4 toadstools (D:1)
4 creatures vanquished.

Grand Total: 41 creatures vanquished

Notes
Turn   | Place    | Note
-------+----------+-------------------------------------------
     0 | D:1      | dabmancer the Octopode Hedge Wizard began the quest for the
                  | Orb.
     0 | D:1      | Reached XP level 1. HP: 11/11 MP: 4/4
   304 | D:1      | Reached XP level 2. HP: 17/17 MP: 4/6
   415 | D:1      | Found a faded altar of an unknown god.
   902 | D:1      | Reached XP level 3. HP: 13/21 MP: 5/8
  1178 | D:1      | Learned a level 2 spell: Blink
  2205 | D:2      | HP: 1/21 [poisoned by an adder]
  2205 | D:2      | Slain by an adder

Illustrated notes

Levels and vault maps discovered:
D:1:      ldierk_water_garden, layout_loops_cross,
          chequers_ecumenical_altar_simple_redux
D:2:      layout_basic

Skill      XL: |  1 |
---------------+----+-----
Stealth        | 3 |  3.1
Long Blades    | |  0.1
Dodging        | |  2.1
Spellcasting   | |  3.9
Conjurations   | |  1.4
Summonings     | |  1.0
Translocations | |  1.0

Action                   || total
-------------------------++-------
Melee: Falchion          ||    38
       Constrict         ||     3
       Tentacles         ||     4
 Cast: Magic Dart        ||    80
       Blink             ||     4
  Use: Scroll            ||     4
Armor: Skin              ||     4
Dodge: Dodged            ||    33

Table legend: (Time is in decaauts)
 A = Elapsed time spent in this place.
 B = Non-inter-level travel time spent in this place.
 C = Inter-level travel time spent in this place.
 D = Time resting spent in this place.
 E = Time spent auto-exploring this place.
 F = Levels seen in this place.
 G = Mean time per level.
                   A        B        C        D        E       F      G
               +--------+--------+--------+--------+--------+-----+--------+
         Total |   2215 |   2189 |     26 |    278 |   1550 |   2 | 1107.5 |
       Dungeon |   2215 |   2189 |     26 |    278 |   1550 |   2 | 1107.5 |
               +--------+--------+--------+--------+--------+-----+--------+

Top non-repeatable levels by time:
     D:1: 1433 daAuts
     D:2: 782 daAuts
